 Dungeon Crawl Stone Soup version 0.21.1-1-g345015f (webtiles) character file.

151 Lilu the Conjurer (level 5, -2/28 HPs)
             Began as a Deep Elf Conjurer on July 25, 2018.
             Killed by divine providence
             ... invoked by an orc priest
              (11 damage)
             ... on level 3 of the Dungeon.
             The game lasted 00:13:30 (2757 turns).

Lilu the Conjurer (Deep Elf Conjurer)               Turns: 2757, Time: 00:13:31

Health: -2/28      AC:  4    Str:  6    XL:     5   Next: 10%
Magic:  11/11      EV: 13    Int: 20    God:
Gold:   93         SH:  0    Dex: 15    Spells: 3/10 levels left

rFire    . . .     SeeInvis .   t - +1 trident (freeze)
rCold    . . .     Gourm    .   (no shield)
rNeg     . . .     Faith    .   a - +0 robe
rPois    .         Spirit   .   (no helmet)
rElec    .         Reflect  .   s - +0 cloak
rCorr    .         Harm     .   (no gloves)
MR       .....                  r - +0 pair of boots
Stlth    ++........             (no amulet)
HPRegen  0.09/turn              (no ring)
MPRegen  0.12/turn              (no ring)

@: no status effects
A: no striking features
a: no special abilities


You were on level 3 of the Dungeon.
You were not hungry.

You visited 1 branch of the dungeon, and saw 3 of its levels.

You collected 93 gold pieces.

Inventory:

Hand Weapons
 t - a +1 trident of freezing (weapon)
Missiles
 d - 111 stones (quivered)
 h - 19 poisoned needles
 i - 3 silver tomahawks
Armour
 a - a +0 robe (worn)
 r - a +0 pair of boots (worn)
 s - a +0 cloak (worn)
Wands
 f - a wand of acid (10)
Scrolls
 g - 3 scrolls of identify
 n - 2 scrolls of teleportation
Potions
 j - a potion of flight {unknown}
 k - a potion of agility
 m - 2 potions of mutation {unknown}
 o - 2 potions of curing {unknown}
 p - 3 potions of heal wounds {unknown}
 q - a potion of degeneration {unknown}
Books
 b - a book of Conjurations

   Spells                             Type                      Level
   a - Magic Dart                     Conjuration                  1
   b - Searing Ray                    Conjuration                  2
   c - Dazzling Spray                 Conjuration/Hexes            3
   d - Fulminant Prism                Conjuration/Hexes            4
   e - Force Lance                    Conjuration/Translocation    4
   f - Iskenderun's Mystic Blast      Conjuration                  4
Comestibles
 c - 4 rations
 l - a chunk of flesh


   Skills:
 - Level 2.4 Dodging
 - Level 2.4 Stealth
 + Level 3.2 Spellcasting
 - Level 7.0 Conjurations


You had 3 spell levels left.
You knew the following spells:

 Your Spells              Type           Power        Failure   Level  Hunger
a - Magic Dart            Conj           ####         1%          1    None
b - Searing Ray           Conj           ####..       1%          2    ##.....
c - Iskenderun's Mystic   Conj           ####....     8%          4    ####...


Dungeon Overview and Level Annotations

Branches:
Dungeon (3/15)

Altars:
Makhleb
Trog
Wu Jian
Yredelemnul

Annotations:
D:2 1 runed door, exclusion: door


Message History

t - a glowing trident Wield which item (- for none, * to show all)? (? for menu, Esc to quit)
Your +1 trident of freezing glows with a cold blue light!
t - a +1 trident of freezing (weapon)
You drop a +0 dagger of pain.
You see here a dagger.
There is a stone staircase leading down here.
An orc comes into view. It is wielding a flail.
Casting: Magic Dart
Confirm with . or Enter, or press ? or * to list all spells.
You can't see any susceptible monsters within range! (Use Z to cast anyway.)
The orc priest shouts!
You hear a shout!
The orc priest invokes the aid of Beogh against you.
Beogh smites you!
Ouch! That really hurt!
* * * LOW HITPOINT WARNING * * *
You hear a shout!
The orc priest calls down the wrath of Beogh upon you.
Beogh smites you!
You die...

#.#.#.#..####....# #.# #...
#......(....#.##.###.# #...
#.#.#.#.....#....#...# #...
#.......)..........### ####
#.#.#.#............# ####
#.......##........#######...
##.....###..................
#.....# #.[......o.........
#.....# #.@..[[............
#.....# #..................
####.....#
#........#######...
#...รท....###........# ####
#...........#########
#.....).....# #...........#
#######.....########
#............#


You could see an orc priest.

Vanquished Creatures
  4 adders
  2 gnolls (D:1)
  5 worms
  2 dart slugs
  2 leopard geckos (D:2)
  4 orcs (D:3)
  4 giant cockroaches
  5 goblins
  8 hobgoblins
  9 kobolds
  A quokka (D:2)
  A ball python (D:2)
  11 bats
  4 frilled lizards
  A kobold skeleton (D:2)
  10 rats
73 creatures vanquished.

Notes
Turn   | Place    | Note
-------+----------+-------------------------------------------
     0 | D:1      | Lilu the Deep Elf Conjurer began the quest for the Orb.
     0 | D:1      | Reached XP level 1. HP: 10/10 MP: 6/6
   190 | D:1      | Reached XP level 2. HP: 15/15 MP: 5/8
   217 | D:1      | Reached skill level 5 in Conjurations
   391 | D:1      | Learned a level 2 spell: Searing Ray
   451 | D:1      | Reached XP level 3. HP: 19/19 MP: 4/9
  1156 | D:2      | Reached skill level 6 in Conjurations
  1298 | D:2      | Found a burning altar of Makhleb.
  1464 | D:2      | Reached XP level 4. HP: 24/24 MP: 6/10
  1747 | D:2      | Found an ornate altar of the Wu Jian Council.
  1747 | D:2      | Found a bloodstained altar of Trog.
  1766 | D:2      | Found a runed door.
  1766 | D:2      | Noticed a human
  1771 | D:2      | Found a basalt altar of Yredelemnul.
  2418 | D:3      | Learned a level 4 spell: Iskenderun's Mystic Blast
  2475 | D:3      | Reached XP level 5. HP: 28/28 MP: 5/11
  2528 | D:3      | Reached skill level 7 in Conjurations
  2757 | D:3      | Killed from afar by an orc priest

Skill      XL: |  1  2  3  4  5 |
---------------+----------------+-----
Conjurations   | 5 6 7 |  7.0
Dodging        | |  2.4
Stealth        | |  2.4
Spellcasting   | |  3.2

Action                   |  1- 3 |  4- 6 || total
-------------------------+-------+-------++-------
Melee: Dagger            |     6 |       ||     6
 Cast: Magic Dart        |    63 |    62 ||   125
       Searing Ray       |     3 |     8 ||    11
  Use: Scroll            |     2 |     2 ||     4
  Eat: Chunk             |     2 |     4 ||     6
Armor: Robe              |     4 |     2 ||     6
Dodge: Dodged            |     5 |     5 ||    10
